SCURSCUM, neutral female scurrid Archeologist }}}}}}}}}}}}}}}}}}}}}}}}}}}}}}}}}}}}}}}}}}}}}}}}}}}}}}}}}}}}}}}}}}}}}}}}}}}} }}}}}}}}}}.}}}}}}}}}}}}}}}}}}}}}}}}}}}}}}}}}}}}.}}}}}}}}}}}}}}}}}}}}}}}}}}}} #.}}}}}}}}}}}}}}}}}}}}..}}}}}}}}.}}}...}}}}}}}.}}}}}....."}}}}}}} #.}}}}}}}}}}}..}}}}..#}}}}}}}...# ..# # }.. ....}}}}}}}}} #.`}}}}}.`.}}}}}.....# }}}}......# #.}} #....?.}}}}....<}}.}}}.}}...}}}}}.# .....}}}#.}}}}.....}}}}}}.# }}}}}}}}}}}}..# #..}}}}}}}}}}}}}#.}I}}}}}}..}}}}}}}}}}}....` }}}}}...}}}}}}}}}}}}}}}}}}}#.}}}}}}}}}}}}}}}}.# ...... .......}}}}}}..}}}}}}}}}.}}}}}}}}}}}} }}}}}}}}}}}}}}}}}.}}}. # #...} #}}}}}}}}}}}....}}}}}}}}}}# }}.#}}...}}}}}}}}}}}}}}...}} }..}}}}}}}}}}}.#...}}}}}}}}.# #.... # ...}}}}}}}}}}}}}.}}}}}} }}}}}}}....}}}}}}}. .}}.}}}}}}}}}} ..... # .}}}}}.# }}}}}}}}}} }}}}}}}}}}}}}..#..}}}}}}}}}}}}}}..}}}}} --+-- # }}}.... }}}}}} }}}}.}..}}}}}}}.#.....}}}}}}}}}}}..#.}}}}.# }}.}}}}}. }} }}} #.}...}..} #.#.}}}}}}.}}}}}}} ...}}.` }}}}}..# }..}}}... . }}}}}}}...}}}}}}}}}}}}}# ....# }}}}}..}}} # .}}}}}}}}.#..}}}}}}}}}}}}} .... }}}}}}}} }}}}}}}}}}}}.}}}}}}}}}}}}}} }}}} }}}}}}} }}}}}}}}}}}}}}}}}}}}}}}}}}}}} }}}}} SCURSCUM the Digger Experience level: 1 Strength: 13 Dexterity: 9 Constitution: 15 Intelligence: 13 Wisdom: 15 Charisma: 10 Health: 0(12) Energy: 2(2) Def: 2 Gold: 296 Moves: 73 Dungeon seed: X53sZ1W6nF5OziWV Game ID: SCURSCUM_1498608199 Your Inventory: Coins $ - 296 gold pieces Weapons a - an uncursed +2 bullwhip Armor e - an uncursed +0 leather jacket (being worn) n - an uncursed +0 pair of leather gloves (being worn) Comestibles b - 4 uncursed chestnuts Potions i - an uncursed diluted potion of hallucination j - a cursed diluted potion of gain level Wands d - an uncursed wand of light (0:13) Tools c - an uncursed pair of lenses f - an uncursed sack g - an uncursed rusty tin opener (alternate weapon; not wielded) h - an uncursed oil lamp (0:1046) Gems q - an uncursed touchstone Spells and supernatural/magical abilities: Name Level Category Fail Memory W - pray for help -- divine ? -- Your skills at the end: Miscellaneous Skills wands [Basic] Weapon Skills whip [Basic] Spellcasting Skills Final Attributes: You were devoutly aligned. You were blinded. You had infravision. You were very stealthy. You were fast. You are dead. Vanquished creatures: a jackal Voluntary challenges: You went without food. You did not adorn yourself with jewelry or accessories. You did not cause conflict. You were not invisible. You did not have reflection. You were not displaced. You were an atheist. You never hit with a wielded weapon. You were a pacifist. You did not use tools. You did not use plumbed fixtures. You did not drink any magical draughts. You were illiterate. You never genocided any monsters. You never polymorphed an object. You never changed form. You used no wishes. You never split a pudding. You never wrote Elbereth's name. You never violated your personal moral code. Dungeon overview: The Dungeons of Doom: levels 1 to 21 Level 1 a long staircase Level 2 Level 3 Level 4 a fountain Level 5 Level 6 Level 7 Level 8 Level 9 Level 10 Level 11 Level 12 Level 13 many fountains Level 14 an altar to Camaxtli Level 15 Level 16 a fountain Level 17 Level 18 a fountain Level 19 Level 20 Level 21 <- You were here many trees History has recorded: On T:1 you entered the Dungeons of Doom to retrieve the Amulet of Yendor! On T:5 you reached level 2 of The Dungeons of Doom. On T:8 you reached level 3 of The Dungeons of Doom. On T:10 you reached level 4 of The Dungeons of Doom. On T:13 you reached level 5 of The Dungeons of Doom. On T:17 you reached level 6 of The Dungeons of Doom. On T:18 you reached level 7 of The Dungeons of Doom. On T:35 you reached level 8 of The Dungeons of Doom. On T:38 you reached level 9 of The Dungeons of Doom. On T:40 you reached level 10 of The Dungeons of Doom. On T:43 you reached level 11 of The Dungeons of Doom. On T:45 you reached level 12 of The Dungeons of Doom. On T:48 you reached level 13 of The Dungeons of Doom. On T:50 you reached level 14 of The Dungeons of Doom. On T:53 you reached level 15 of The Dungeons of Doom. On T:53 you entered the Rogue tribute level. On T:55 you reached level 16 of The Dungeons of Doom. On T:58 you reached level 17 of The Dungeons of Doom. On T:60 you reached level 18 of The Dungeons of Doom. On T:63 you reached level 19 of The Dungeons of Doom. On T:66 you reached level 20 of The Dungeons of Doom. On T:68 you reached level 21 of The Dungeons of Doom. Score breakdown: Gold: 296 ( 29 points) Experience: 1 level ( 0 points) Exploration: 21 levels ( 600 points) Discoveries: 0 items ( 0 points) Variety of kills: 1 monster ( 50 points) Major goal: (nothing yet) ( 0 points) Survival: died (score multiplied by 3) Total score: 2037 Latest messages: You continue digging downward. As you dig, the hole fills with water! You fall into the water! You sink like a rock. Your tin opener rusts! You try to crawl out of the water. Pheew! That was close. You start chewing on a tree. You continue cutting the tree. You cut down the tree. The raven pecks! The raven blinds you! You don't have that object. You are currently wearing your pair of leather gloves! You have no weapon equipped. Wait! There's something there you can't see! Something pecks! You die... The sack is empty. Final status: Goodbye SCURSCUM the Archeologist, killed by a raven... You died in The Dungeons of Doom on dungeon level 21 with 2037 points, and 296 pieces of gold, after 73 moves. You were level 1 with a maximum of 12 hit points when you died.